 Dungeon Crawl Stone Soup version 0.24.1 (webtiles) character file.

Game seed: 13884405843078058868, levelgen mode: deterministic

125444 BuffBuff the Severer (level 16, -4/151 HPs)
             Began as a Minotaur Berserker on Apr 5, 2020.
             Was the Champion of Trog.
             Slain by Rili Hei's ghost (7 damage)
             ... on level 1 of the Elven Halls.
             The game lasted 01:27:54 (26183 turns).

BuffBuff the Severer (Minotaur Berserker)          Turns: 26183, Time: 01:27:55

Health: -4/151     AC: 27    Str: 37      XL:     16   Next: 41%
Magic:  0/15       EV: 16    Int:  3 (4)  God:    Trog [******]
Gold:   1595       SH:  0    Dex: 12      Spells: 15/15 levels left

rFire    . . .     SeeInvis .   a - +6 executioner's axe (vamp)
rCold    . . .     Gourm    .   (shield currently unavailable)
rNeg     + . .     Faith    .   o - +1 plate armour
rPois    +         Spirit   +   H - +2 hat of Caenn {rF- rC+ rCorr}
rElec    +         Reflect  .   x - +0 cloak
rCorr    +         Harm     .   S - +0 pair of gloves
MR       ++...                  J - +2 pair of boots
Stlth    ..........             K - amulet of guardian spirit
HPRegen  0.35/turn              u - ring of Memp {Fire rN+ Str+7 Slay+4}
MPRegen  0.14/turn              D - ring "Metitol" {rElec rPois MR+ rCorr Str+3}

@: berserk cooldown, slowed, very slow
A: retaliatory headbutt, horns 2
a: Berserk, Trog's Hand, Brothers in Arms, Renounce Religion


You were on level 1 of the Elven Halls.
You worshipped Trog.
Trog was exalted by your worship.
You were very hungry.

You visited 4 branches of the dungeon, and saw 25 of its levels.
You also visited: Gauntlet.

You collected 2958 gold pieces.
You spent 1363 gold pieces at shops.

Inventory:

Hand Weapons
 a - a +6 vampiric executioner's axe (weapon)
 b - a +2 hand axe of flaming
Missiles
 w - 7 curare-tipped darts (quivered)
Armour
 o - a +1 plate armour (worn)
 x - a +0 cloak (worn)
 H - the +2 hat of Caenn (worn) {rF- rC+ rCorr}
   (You found it in a Gauntlet)

   It makes you vulnerable to fire.
   It protects you from cold.
   It provides partial protection from all sources of acid and corrosion.
 J - a +2 pair of boots (worn)
 S - a +0 pair of gloves (worn)
Jewellery
 q - an uncursed ring of see invisible
 u - the ring of Memp (left hand) {Fire rN+ Str+7 Slay+4}
   (You bought it in a shop on level 2 of the Orcish Mines)

   [ring of fire]

   It enhances your fire magic.
   It affects your strength (+7).
   It affects your accuracy and damage with ranged weapons and melee attacks
   (+4).
   It protects you from fire.
   It makes you vulnerable to cold.
   It protects you from negative energy.
 B - an uncursed ring of protection from fire
 D - the ring "Metitol" (right hand) {rElec rPois MR+ rCorr Str+3}
   (You bought it in a shop on level 8 of the Dungeon)

   [ring of resist corrosion]

   It affects your strength (+3).
   It insulates you from electricity.
   It protects you from poison.
   It affects your resistance to hostile enchantments.
   It provides partial protection from all sources of acid and corrosion.
 K - an amulet of guardian spirit (around neck)
 Q - an uncursed ring of ice
 T - a +6 ring of protection
Wands
 e - a wand of flame (31)
 h - a wand of disintegration (5)
 j - a wand of random effects (98)
 t - a wand of iceblast (25)
 v - a wand of acid (11)
 z - a wand of scattershot (5)
 A - a wand of digging (10)
 P - a wand of polymorph (7)
 R - a wand of paralysis (6)
Scrolls
 f - 3 scrolls of fear
 k - 9 scrolls of remove curse
 n - 4 scrolls of enchant weapon
 r - 6 scrolls of enchant armour
 y - 4 scrolls of teleportation
 C - a scroll of fog
 I - 3 scrolls of magic mapping
 L - a scroll of summoning
 O - a scroll of identify
Potions
 d - 11 potions of curing
 g - 2 potions of mutation
 i - 3 potions of resistance
 l - 2 potions of might
 m - 3 potions of invisibility
 p - 4 potions of heal wounds
 s - a potion of haste
 E - 3 potions of lignification
 F - a potion of berserk rage
 G - a potion of agility
 M - 6 potions of flight
 N - a potion of brilliance
Comestibles
 c - 34 rations
 U - 8 chunks of flesh


   Skills:
 + Level 15.8 Fighting
 * Level 20.9 Axes
 + Level 15.6 Armour
 + Level 14.5 Dodging


You had 15 spell levels left.
You didn't know any spells.
Your spell library was empty.

Dungeon Overview and Level Annotations

Branches:
Dungeon (15/15)            Temple (0/1) D:4            Lair (6/6) D:8
 Shoals (0/4) Lair:4        Snake (0/4) Lair:3        Slime (0/5) Lair:5
    Orc (2/2) D:11            Elf (2/3) Orc:2        Vaults (0/5) D:13
 Depths (0/5) D:15        Gauntlet (visited)

Altars:
Ashenzari
Dithmenos
Elyvilon
Fedhas
Gozag
Sif Muna
Uskayaw
Wu Jian
Xom
Beogh
Jiyva

Shops:
D:4 !   D:8 =   D:11 [   D:15 !   Orc:2 [==?%

Portals:
Trove: D:13 (give 6 potions of haste)

Annotations:
D:6 Prince Ribbit
Orc:2 exclusion: door
Elf:1 Rili Hei's ghost, veteran MiBe


Innate Abilities, Weirdness & Mutations

You reflexively headbutt those who attack you in melee.
You have a pair of horns on your head.


Message History

You chop Rili Hei's ghost into pieces!!!
Your headbutt misses Rili Hei's ghost.
Rili Hei's ghost is almost destroyed.
Your skin stops crawling.
You feel less resistant to hostile enchantments.
Rili Hei's ghost hits you but does no damage.
You miss Rili Hei's ghost. Your headbutt misses Rili Hei's ghost.
Rili Hei's ghost is almost destroyed.
Rili Hei's ghost completely misses you.
Rili Hei's ghost hits you but does no damage.
You barely miss Rili Hei's ghost.
Rili Hei's ghost is almost destroyed.
Rili Hei's ghost misses you. You furiously retaliate!
You headbutt Rili Hei's ghost, but do no damage.
You hit Rili Hei's ghost. Your headbutt misses Rili Hei's ghost.
Rili Hei's ghost is almost destroyed.
Rili Hei's ghost hits you!
* * * LOW HITPOINT WARNING * * *
Rili Hei's ghost burns you!
You die...

##...........#
#.###.........#
##..........#
#...'.........'
##.........#
#.###.........'
##........# #.#
#.........#
##...#########.#
#.........#
##....##.##.#...#
##..).....#
#.....###.≈≈#..##
##......##
#.....#≈..≈.#..#
##....##
#.....##..#W@..#
##..##
#.....#."≈..'..#
#''#
#.....##.≈⌠.#.##
#..#
#.....##.#.?#.#
#..####
#.....###|≈####
#......
##....#####
#...... ##......#
#..#### ##....##
#..# ##..## #..#


You could see Rili Hei's ghost.

Vanquished Creatures
  A minotaur (Gauntlet)
  A yaktaur captain (D:15)
  A death ooze (Lair:1)
  A deep elf high priest (Elf:1)
  Josephine (D:14)
  Fannar (D:10)
  11 hydras
  A rakshasa (D:15)
  The ghost of Peloso the Carver, a journeyman MiFi of Okawaru (D:9)
  An ogre mage (D:13)
  Erolcha (D:9)
  3 catoblepae
  A death knight (D:14)
  The ghost of Loxlax the Arsonist, a novice DrFE of Ru (D:9)
  7 two-headed ogres
  A deep troll shaman (Lair:6)
  5 centaur warriors
  3 dancing weapons
  The ghost of Curus the Basher, a novice HOAK of Lugonu (Lair:1)
  The ghost of VPR the Magician, a novice GnSk of Okawaru (D:9)
  15 death yaks
  6 orc high priests
  4 deep elf knights (Elf:1)
  Sonja (Orc:1)
  6 skeletal warriors
  A death drake (Gauntlet)
  2 unseen horrors (D:13)
  12 orc knights
  5 harpies (D:13)
  4 deep elf archers
  An orc sorcerer (Orc:1)
  2 wolf spider zombies
  28 deep elf magi
  2 oklob plants (Lair:3)
  2 phantasmal warriors (D:14)
  2 ugly things
  3 elephants (Lair:6)
  A spectral centaur (Gauntlet)
  4 manticores
  5 centaur zombies
  7 black mambas
  Psyche (D:9)
  2 torpor snails
  9 spiny frogs
  A gargoyle (D:12)
  3 molten gargoyles
  A freezing wraith (D:14)
  A yaktaur (shapeshifter) (D:14)
  2 rime drakes (Lair:6)
  A redback zombie (D:14)
  5 komodo dragons
  A yaktaur (D:15)
  2 tengu conjurers (D:15)
  A guardian mummy (D:13)
  8 trolls
  2 polar bears (Lair:6)
  3 meliai
  A hornet (D:9)
  8 slime creatures
  4 hippogriffs
  7 blink frogs
  A shadow (D:15)
  5 wraiths
  Sigmund (D:6)
  A spriggan (D:7)
  4 wyverns
  23 yaks
  Eustachio (D:6)
  2 fire elementals
  7 vampire mosquitoes (D:15)
  6 basilisks
  2 hungry ghosts
  2 nagas (Lair:3)
  5 wargs (Orc:2)
  2 acid dragons
  9 water moccasins
  6 sky beasts
  A black bear (D:9)
  An eye of draining (D:14)
  57 orc warriors
  6 ice beasts
  9 porcupines
  A sky beast (shapeshifter) (Elf:1)
  A phantom (D:7)
  3 necrophages
  27 centaurs
  8 wolves
  15 ogres
  15 crocodiles
  A big kobold (D:7)
  Blork the orc (D:6)
  A gnoll sergeant (D:9)
  17 bullfrogs
  3 scorpions
  20 killer bees
  A howler monkey (D:14)
  17 wights
  An electric eel (Lair:2)
  5 lava snakes (Lair:5)
  9 crimson imps
  8 jellies
  20 orc wizards
  8 centaur skeletons
  30 orc priests
  2 hounds
  4 bullfrog skeletons
  4 iguanas
  14 worker ants
  Terence (D:2)
  2 hound skeletons
  2 howler monkey zombies
  2 worker ant zombies
  Robin (D:3)
  13 gnolls
  A howler monkey skeleton (D:4)
  9 adders
  4 shadow imps
  An adder zombie (D:5)
  A worm (D:2)
  2 dart slugs
  7 leopard geckos
  101 orcs
  3 ball pythons
  9 bats
  2 giant cockroaches
  21 goblins
  7 hobgoblins
  14 jackals
  11 kobolds
  6 quokkas
  A ball python skeleton (D:4)
  4 frilled lizards
  A jackal zombie (D:9)
  A quokka zombie (D:5)
  8 rats
  3 fungi
  10 plants
855 creatures vanquished.

Vanquished Creatures (others)
  10 demonic plants (Gauntlet)
  2 fungi
  3 plants
15 creatures vanquished.

Grand Total: 870 creatures vanquished

Notes
Turn   | Place    | Note
-------+----------+-------------------------------------------
     0 | D:1      | BuffBuff the Minotaur Berserker began the quest for the
                  | Orb.
     0 | D:1      | Reached XP level 1. HP: 19/19 MP: 0/0
   170 | D:1      | Reached XP level 2. HP: 27/27 MP: 1/1
   174 | D:1      | Reached skill level 4 in Axes
   670 | D:2      | Reached ** piety under Trog
   670 | D:2      | Reached XP level 3. HP: 29/33 MP: 2/2
   854 | D:2      | Noticed a centaur
   861 | D:2      | Killed a centaur
   861 | D:2      | Reached skill level 5 in Axes
   861 | D:2      | Reached XP level 4. HP: 40/41 MP: 3/3
  1070 | D:2      | Reached XP level 5. HP: 41/47 MP: 4/4
  1314 | D:2      | Noticed Terence
  1319 | D:2      | Killed Terence
  1345 | D:2      | Found a shadowy altar of Dithmenos.
  1534 | D:2      | Found an opulent altar of Gozag.
  2010 | D:3      | Reached *** piety under Trog
  2017 | D:3      | Noticed Robin
  2031 | D:3      | Killed Robin
  2135 | D:3      | Found a faded altar of an unknown god.
  2357 | D:3      | Reached XP level 6. HP: 31/55 MP: 5/5
  2362 | D:3      | Reached skill level 6 in Axes
  2945 | D:4      | Reached skill level 5 in Fighting
  3184 | D:4      | Found a staircase to the Ecumenical Temple.
  3190 | D:4      | Reached XP level 7. HP: 61/61 MP: 6/6
  3224 | D:4      | Reached **** piety under Trog
  3225 | D:4      | Reached skill level 7 in Axes
  3454 | D:4      | Reached skill level 5 in Armour
  3463 | D:4      | HP: 3/61 [killer bee (6)]
  3742 | D:4      | Found a hide-covered altar of Uskayaw.
  3810 | D:4      | Found Ycwurika's Distillery.
  4143 | D:5      | Entered Level 5 of the Dungeon
  4190 | D:5      | Reached skill level 8 in Axes
  4190 | D:5      | Reached skill level 5 in Dodging
  4190 | D:5      | Reached XP level 8. HP: 63/70 MP: 7/7
  4551 | D:5      | Found a white marble altar of Elyvilon.
  4890 | D:5      | Reached skill level 9 in Axes
  5006 | D:6      | Noticed Blork the orc
  5007 | D:6      | Noticed Sigmund
  5013 | D:6      | Killed Blork the orc
  5017 | D:6      | Killed Sigmund
  5146 | D:6      | Noticed Eustachio
  5166 | D:6      | Killed Eustachio
  5166 | D:6      | Reached XP level 9. HP: 79/79 MP: 8/8
  5280 | D:6      | Noticed Prince Ribbit
  5480 | D:6      | Found a shattered altar of Ashenzari.
  5642 | D:7      | Reached skill level 10 in Axes
  6009 | D:7      | Reached ***** piety under Trog
  6657 | D:8      | Found a staircase to the Lair.
  6758 | D:8      | Found Sodegig's Jewellery Shop.
  6764 | D:8      | Reached skill level 11 in Axes
  6870 | D:9      | Noticed a two-headed ogre
  6879 | D:9      | Killed a two-headed ogre
  6879 | D:9      | Reached XP level 10. HP: 90/90 MP: 9/9
  6957 | D:9      | Noticed Psyche
  7177 | D:9      | Killed Psyche
  7239 | D:9      | Found an ornate altar of the Wu Jian Council.
  7252 | D:9      | Reached skill level 12 in Axes
  7449 | D:9      | Found a shimmering altar of Xom.
  7458 | D:9      | Noticed Erolcha
  7458 | D:9      | Paralysed by Erolcha for 7 turns
  7473 | D:9      | Killed Erolcha
  7515 | D:9      | Paralysed by a hornet for 3 turns
  7620 | D:9      | Found a blossoming altar of Fedhas.
  7750 | D:9      | Found a runed translucent gate.
  7751 | D:9      | Found a runed translucent gate.
  7752 | D:9      | Found a runed translucent gate.
  7753 | D:9      | Noticed Loxlax's ghost (novice DrFE)
  7753 | D:9      | Noticed Peloso's ghost (journeyman MiFi)
  7753 | D:9      | Noticed VPR's ghost (novice GnSk)
  7800 | D:9      | Killed VPR's ghost
  7800 | D:9      | Killed Loxlax's ghost
  7806 | D:9      | Killed Peloso's ghost
  7806 | D:9      | Reached skill level 13 in Axes
  7806 | D:9      | Reached XP level 11. HP: 99/99 MP: 10/10
  8008 | D:10     | Entered Level 10 of the Dungeon
  8178 | D:10     | Reached skill level 10 in Fighting
  8365 | D:10     | Noticed Fannar
  8509 | D:10     | Killed Fannar
  8704 | D:8      | Bought the ring "Metitol" {rElec rPois MR+ rCorr Str+3} for
                  | 551 gold pieces
  8772 | D:11     | Found Bituzuos's Armour Emporium.
  8772 | D:11     | Found a staircase to the Orcish Mines.
  8786 | D:11     | Reached skill level 10 in Armour
  8974 | D:11     | Received a gift from Trog
  9292 | D:11     | Noticed a white ugly thing
  9296 | D:11     | Killed a white ugly thing
  9314 | D:11     | Noticed a two-headed ogre
  9324 | D:11     | Killed a two-headed ogre
  9324 | D:11     | Reached skill level 14 in Axes
  9697 | D:11     | Identified the +8 hand crossbow of Hekigg Qodi {flame,
                  | rElec rF- rC+ SInv}
  9697 | D:11     | Noticed an orc knight
  9734 | D:11     | Killed an orc knight
  9830 | D:11     | Noticed a five-headed hydra
  9841 | D:11     | Killed a 13-headed hydra
 10091 | D:12     | Noticed a seven-headed hydra
 10107 | D:12     | Killed a 14-headed hydra
 10107 | D:12     | Reached skill level 10 in Dodging
 10107 | D:12     | Reached XP level 12. HP: 110/110 MP: 11/11
 10311 | D:12     | Noticed a two-headed ogre
 10315 | D:12     | Killed a two-headed ogre
 10737 | D:12     | Reached skill level 15 in Axes
 11067 | D:13     | Noticed a two-headed ogre
 11075 | D:13     | Killed a two-headed ogre
 11362 | D:13     | Found a portal to a secret trove of treasure.
 11786 | D:13     | Noticed a two-headed ogre
 11788 | D:13     | Noticed a centaur warrior
 11792 | D:13     | Killed a centaur warrior
 11794 | D:13     | Noticed a two-headed ogre
 11800 | D:13     | Killed a two-headed ogre
 11804 | D:13     | Killed a two-headed ogre
 11810 | D:13     | Noticed an ogre mage
 11828 | D:13     | Killed an ogre mage
 11836 | D:13     | Reached skill level 16 in Axes
 11850 | D:13     | Received a gift from Trog
 11852 | D:13     | Reached XP level 13. HP: 90/118 MP: 8/12
 12133 | D:13     | Found a gate to the Vaults.
 12163 | D:13     | Found a shimmering blue altar of Sif Muna.
 12765 | D:14     | Found a gate leading to a gauntlet.
 12780 | Gauntlet | Entered a Gauntlet
 12780 | Gauntlet | Found a transporter.
 12780 | Gauntlet | Found a transporter.
 12781 | Gauntlet | Found a transporter.
 12781 | Gauntlet | Found a transporter.
 12784 | Gauntlet | Found a transporter.
 12797 | Gauntlet | Found a transporter.
 12803 | Gauntlet | Found a transporter.
 12818 | Gauntlet | Found a transporter.
 12839 | Gauntlet | Found a transporter.
 12865 | Gauntlet | Found a transporter.
 12883 | Gauntlet | Found a transporter.
 12939 | Gauntlet | Found a transporter.
 13011 | Gauntlet | Got a scorched bronze ring
 13027 | Gauntlet | Reached skill level 17 in Axes
 13077 | Gauntlet | Got a dazzling hat
 13082 | Gauntlet | Identified the +2 hat of Caenn {rF- rC+ rCorr} (You found
                  | it in a Gauntlet)
 13316 | Gauntlet | Noticed a minotaur
 13331 | Gauntlet | Killed a minotaur
 13486 | D:14     | Received a gift from Trog
 13710 | D:14     | Noticed Josephine
 13720 | D:14     | Killed Josephine
 14095 | D:15     | Entered Level 15 of the Dungeon
 14293 | D:15     | Reached XP level 14. HP: 125/125 MP: 3/13
 14866 | D:15     | Found a staircase to the Depths.
 15092 | D:15     | Reached skill level 18 in Axes
 15246 | D:15     | Identified the ring "Jyrikk" {AC+3 Stlth+} (You found it in
                  | a Gauntlet)
 15432 | D:15     | Found an opulent altar of Gozag.
 15462 | D:15     | Found Henur's Distillery.
 16032 | Lair:1   | Entered Level 1 of the Lair of Beasts
 16388 | Lair:1   | Found a runed translucent gate.
 16388 | Lair:1   | Found a runed translucent gate.
 16388 | Lair:1   | Found a runed translucent gate.
 16390 | Lair:1   | Found a viscous altar of Jiyva.
 16390 | Lair:1   | Noticed Curus's ghost (novice HOAK)
 16409 | Lair:1   | Killed Curus's ghost
 18627 | Lair:3   | Found a staircase to the Snake Pit.
 18633 | Lair:3   | Reached skill level 19 in Axes
 18961 | Lair:4   | Received a gift from Trog
 19009 | Lair:4   | Reached XP level 15. HP: 93/134 MP: 5/14
 19310 | Lair:4   | Found a runed translucent door.
 19530 | Lair:4   | Found a staircase to the Shoals.
 19720 | Lair:4   | You fall into a shaft and drop 2 floors!
 19720 | Lair:6   | Entered Level 6 of the Lair of Beasts
 20375 | Lair:5   | Found a viscous altar of Jiyva.
 20375 | Lair:5   | Found a staircase to the Slime Pits.
 22008 | Lair:6   | Got a pitted brass ring
 22020 | Lair:6   | Got an encrusted broad axe
 22020 | Lair:6   | Lost intelligence.
 22020 | Lair:6   | Identified the +0 broad axe "Impbane" {flame, -Tele rN++
                  | Int-4 SInv} (You found it on level 6 of the Lair of Beasts)
 22040 | Lair:6   | Lost intelligence.
 22065 | Lair:6   | Identified the ring "Dykots" {rN+ Dex+3} (You found it on
                  | level 6 of the Lair of Beasts)
 22192 | Lair:6   | Reached skill level 15 in Fighting
 22471 | Orc:1    | Entered Level 1 of the Orcish Mines
 22682 | Orc:1    | Found a roughly hewn altar of Beogh.
 22805 | Orc:2    | Entered Level 2 of the Orcish Mines
 22805 | Orc:2    | Found a staircase to the Elven Halls.
 22918 | Orc:2    | Reached skill level 20 in Axes
 22967 | Orc:2    | Found Iciexkycuf's Armour Shoppe.
 23004 | Orc:2    | Received a gift from Trog
 23064 | Orc:2    | Found a shimmering blue altar of Sif Muna.
 23428 | Orc:2    | Reached skill level 15 in Armour
 23436 | Orc:2    | Received a gift from Trog
 24292 | Orc:2    | Found Tuixekut's Food Shoppe.
 24295 | Orc:2    | Found Joklac's Jewellery Shoppe.
 24296 | Orc:2    | Found Woucouq's Jewellery Shoppe.
 24297 | Orc:2    | Found Esoplaf's Magic Scroll Emporium.
 24308 | Orc:2    | Bought the ring of Memp {Fire rN+ Str+7 Slay+4} for 812
                  | gold pieces
 24375 | Orc:1    | Noticed Sonja
 24389 | Orc:1    | Killed Sonja
 24425 | Orc:1    | Reached XP level 16. HP: 48/144 MP: 5/15
 24428 | Orc:1    | Found a roughly hewn altar of Beogh.
 24440 | Orc:1    | Reached ****** piety under Trog
 24973 | Elf:1    | Entered Level 1 of the Elven Halls
 25458 | Elf:1    | Received a gift from Trog
 25753 | Elf:1    | Found a large runed translucent door.
 25754 | Elf:1    | Found a large runed translucent door.
 25755 | Elf:1    | Noticed Rili Hei's ghost (veteran MiBe)
 25755 | Elf:1    | You fall into a shaft and drop 1 floor!
 26174 | Elf:1    | HP: 6/146 [Rili Hei's ghost (2)]
 26183 | Elf:1    | HP: 3/151 [Rili Hei's ghost (16)]
 26183 | Elf:1    | Slain by Rili Hei's ghost

Levels and vault maps discovered:
D:1:      lightli_arrival_isolated_outpost, layout_basic
D:2:      layout_basic, lemuel_round_altar, nicolae_overflow_crystal_walls,
          due_unseen_surprise, uniq_terence
D:3:      layout_basic, chequers_ecumenical_altar_simple, uniq_robin
D:4:      layout_gridville, nicolae_overflow_hidden_temple,
          minmay_temple_entry_mist, serial_shops, shop, serial_bayou_pond_e
D:5:      layout_rooms, overflow_temple_1_default, first_ration,
          hangedman_decor_diamond_cutter, kennysheep_opposing_triangles
D:6:      layout_rooms, kennysheep_mini, minivault_25, uniq_eustachio,
          uniq_blork_the_orc, uniq_sigmund, uniq_prince_ribbit1
D:7:      layout_basic, the_bakery
D:8:      layout_basic, dpeg_oklobed_lair, serial_shops, shop,
          chequers_serial_rivers_large_a
D:9:      layout_rooms, kennysheep_little_box, overflow_temple_1_default,
          gammafunk_ghost_cemetery, fedhas_altar_3, uniq_psyche, uniq_erolcha
D:10:     layout_rooms, uniq_fannar
D:11:     layout_roguey, orc_david_3, minmay_fountain_box,
          minmay_misc_feat_more_columns
D:12:     layout_roguey
D:13:     layout_basic, hangedman_vaults_entry_quadrant_bands,
          nicolae_trove_entry_path_of_doom, basic_altar, abandoned_shop
D:14:     layout_long_grid, gauntlet_entry_generic, feat_on_display,
          uniq_josephine
D:15:     grunt_enter_depths_snipers, layout_loops_cross,
          nicolae_gozag_seed_capital, serial_shops,
          nicolae_shop_temple_entry_statues_fountains
Lair:1:   cheibrodos_lair_river_kwai, layout_cave_pods, gammafunk_ghost_ooze
Lair:2:   layout_regular_city, st_stairs_13, grunt_megastairs_2,
          infiniplex_staircase_pool, serial_bayou_shore_a
Lair:3:   layout_regular_city, guppyfry_snake_entry_island,
          minmay_lair_oklob_chamber
Lair:4:   layout_loops_ring, minmay_shoals_entry_centaurs, pf_torpor_hydra,
          lemuel_fruit_tree
Lair:5:   cheibrodos_magma_flow, layout_regular_city, slime_altar_1
Lair:6:   grunt_lair_end_beastmaster, layout_gridlike, serial_bayou_shore_b
Orc:1:    layout_caves, special_room [special_room_orc], mines2_david,
          uniq_sonja
Orc:2:    st_orc_pillars, layout_diamond_mine, serial_shops, shop, led_sif_book
Elf:1:    eino_elf_arrival_customs, layout_gridlike,
          ebering_ghost_disaster_area, kennysheep_underground_church
Elf:2:    layout_onion_city, library_closet

Skill      XL: |  1  2  3  4  5  6  7  8  9 10 11 12 13 14 15 |
---------------+----------------------------------------------+-----
Axes           | 4 5 6 8 9 11 13 14 16 17 19 20 | 20.9
Fighting       | 4 5 6 7 8 9 11 12 13 14 15 | 15.8
Armour         | 3 4 5 6 8 9 10 12 13 14 15 | 15.6
Dodging        | 3 4 5 6 7 8 10 11 12 13 14 | 14.5

Action                   |  1- 3 |  4- 6 |  7- 9 | 10-12 | 13-15 | 16-18 || total
-------------------------+-------+-------+-------+-------+-------+-------++-------
Melee: Hand axe          |    49 |   155 |       |       |    40 |       ||   244
       Headbutt          |     8 |    31 |    56 |   112 |   265 |    29 ||   501
       War axe           |       |    20 |   339 |   409 |       |       ||   768
       Battleaxe         |       |       |       |   125 |   950 |    81 ||  1156
       Executioner's axe |       |       |       |       |       |    57 ||    57
Throw: Dart              |       |       |       |       |     5 |       ||     5
Invok: Berserk           |     1 |     2 |     3 |    11 |     8 |     1 ||    26
       Trog's Hand       |       |     1 |     6 |    12 |    20 |     3 ||    42
  Use: Scroll            |       |    11 |     5 |    13 |     8 |     3 ||    40
       Potion            |       |       |     1 |     4 |       |     3 ||     8
 Stab: Invisible         |       |       |       |     1 |       |       ||     1
       Confused          |       |       |       |       |     2 |       ||     2
  Eat: Chunk             |       |    10 |    16 |    23 |    43 |     7 ||    99
       Ration            |       |       |       |     4 |     3 |       ||     7
Armor: Animal skin       |     5 |       |       |       |       |       ||     5
       Leather armour    |     5 |     5 |       |       |       |       ||    10
       Plate armour      |       |    81 |   255 |   450 |   558 |    60 ||  1404
       Scale mail        |       |     7 |       |       |       |       ||     7
Dodge: Dodged            |    29 |    64 |   109 |   242 |   671 |    66 ||  1181
Block: Shield            |       |     9 |   134 |   139 |       |       ||   282
